Selects Special Operations Battlegroup
Construct Medical Station
Selects M29 Weasel with M1 Pack Howitzer
M29 Weasel with M1 Pack Howitzer
Selects SSF Commando Squad
M1918 Browning Automatic Rifles
M18 Hellcat Tank Destroyer
Selects Assault Operation
Selects P-47 Anti-Infantry Loiter
Construct Weapon Support Center
Selects P-47 Anti-Infantry Loiter
Selects UNKNOWN (2162291)
M3 Armored Personnel Carrier
Improved M9 Bazooka Rockets
P-47 Anti-Infantry Loiter
M18 Hellcat Tank Destroyer